 Dungeon Crawl Stone Soup version 0.30.1-11-g7821555f0a (webtiles) character file.

Game seed: 10438962250959369488

58 safid the Conjurer (level 4, 0/28 HPs)
             Began as a Gargoyle Reaver on Dec 11, 2023.
             Slain by a gnoll
             ... wielding a +0 halberd
              (12 damage)
             ... on level 3 of the Dungeon.
             The game lasted 00:02:12 (1622 turns).

safid the Conjurer (Gargoyle Reaver)                Turns: 1622, Time: 00:02:12

Health: 0/28       AC:  7    Str: 18    XL:     4   Next: 2%
Magic:  7/8        EV: 11    Int: 13    God:
Gold:   138        SH:  0    Dex:  8    Spells: 7/8 levels left

rFire   . . .        n - +0 war axe
rCold   . . .        (no shield)
rNeg    + . .        b - +0 leather armour
rPois   ∞            (no helmet)
rElec   +            i - +0 cloak
rCorr   .            (no gloves)
SInv    .            (no boots)
Will    +....        (no amulet)
Stlth   +            m - ring of willpower
HPRegen 0.24/turn    (no ring)
MPRegen 0.11/turn

%: no passive effects
@: no status effects
A: sickness immunity, AC +3, negative energy resistance 1, electricity
resistance, torment resistance 1, petrification resistance
a: no special abilities


You were on level 3 of the Dungeon.
You visited 1 branch of the dungeon, and saw 3 of its levels.

You collected 138 gold pieces.

Inventory:

Hand Weapons
 n - a +0 war axe (weapon)
Armour
 b - a +0 leather armour (worn)
 i - a +0 cloak (worn)
Jewellery
 m - a ring of willpower (left hand)
Wands
 g - a wand of quicksilver (1)
Scrolls
 c - a scroll of teleportation {unknown}
 d - a scroll of brand weapon {unknown}
 f - a scroll of poison {unknown}
 h - a scroll of fog {unknown}
 l - a scroll of identify {unknown}
Potions
 e - 2 potions of degeneration {unknown}
 j - 3 potions of magic {unknown}
 k - a potion of ambrosia {unknown}


   Skills:
 + Level 3.1 Fighting
 - Level 3.0 Maces & Flails
 - Level 1.5 Dodging
 + Level 2.7 Spellcasting
 + Level 4.0 Conjurations


You had 7 spell levels left.
You knew the following spells:

 Your Spells              Type           Power      Damage    Failure   Level
a - Kiss of Death         Conj/Necr      28%        2d7       12%         1

Your spell library contained the following spells:

 Spells                   Type           Power      Damage    Failure   Level
 Momentum Strike          Conj/Tloc      14%        3d8       19%         2
 Apportation              Tloc           2%         N/A       28%         1
 Dazzling Flash           Conj/Hex       14%        N/A       36%         3
 Hailstorm                Conj/Ice       7%         3d4       36%         3
 Ensorcelled Hibernation  Hex/Ice        2%         N/A       38%         2
 Passwall                 Tmut/Erth      0%         N/A       38%         2
 Swiftness                Air            1%         N/A       63%         3
 Volatile Blastmotes      Fire/Tloc      2%         2d10      63%         3
 Iskenderun's Mystic Bla  Conj/Tloc      7%         2d4       77%         4
 Alistair's Intoxication  Tmut/Pois      0%         N/A       100%        5
 Starburst                Conj/Fire      3%         6d3       100%        6


Dungeon Overview and Level Annotations

Branches:
Dungeon (3/15)

Altars:


Innate Abilities, Weirdness & Mutations

You are immune to sickness and miasma.
Your stone body is resilient. (AC +3)
You are immune to poison.
You resist negative energy. (rN+)
You are resistant to electric shocks. (rElec)
You are resistant to unholy torment.
You are immune to petrification.


Message History

The adder barely misses you.
You closely miss the adder.
The adder is heavily wounded.
The adder completely misses you. The adder bites you.
The gnoll hits you from afar with a +0 halberd.
You closely miss the adder.
The adder is moderately wounded.
The adder bites you but does no damage. The adder barely misses you.
The gnoll hits you but does no damage.
You slash the adder!
You kill the adder!
The gnoll barely misses you.
The jackal bites you but does no damage.
Your Conjurations skill increases to level 4!
You have reached level 4!
You feel stronger.
You barely miss the jackal. The jackal bites you.
The gnoll completely misses you. The jackal barely misses you.
The gnoll closely misses you.
Unknown command.
You miss the jackal. The jackal barely misses you.
The gnoll closely misses you.
The jackal bites you but does no damage.
Unknown command.
You hit the jackal but do no damage. The jackal barely misses you.
The gnoll hits you but does no damage. The jackal barely misses you.
The gnoll hits you from afar with a +0 halberd.
Unknown command.
You closely miss the jackal. The jackal closely misses you.
The gnoll hits you from afar with a +0 halberd!
The jackal misses you.
You barely miss the jackal. The jackal misses you. The gnoll barely misses you.
The jackal barely misses you.
Unknown command.
You closely miss the jackal. The jackal barely misses you.
The gnoll barely misses you. The jackal barely misses you.
The gnoll misses you.
You barely miss the jackal. The jackal closely misses you.
The gnoll hits you from afar with a +0 halberd!
You die...

##.... .# ....... .#
#.#..###.## .. ......
..# ###.# .... ..#
.... ##.## ..#
...##..h##..##### ..
##..#..ggh@.......
...#...#..gg##>.####.
.......#?#g## ..#
.g.........# ..#
..........## ..#
.........<.# ..#
....#####..# .## #..
#..# .# #. #...


You could see 4 gnolls, 2 jackals and a hobgoblin.

Vanquished Creatures
  An adder (D:3)
  A dart slug (D:1)
  4 bats
  7 endoplasms
  3 giant cockroaches
  6 goblins
  A hobgoblin (D:2)
  2 jackals (D:1)
  5 kobolds
  3 quokkas (D:2)
  A ball python (D:2)
  7 rats
41 creatures vanquished.

Notes
Turn   | Place    | Note
-------+----------+-------------------------------------------
     0 | D:1      | safid the Gargoyle Reaver began the quest for the Orb.
     0 | D:1      | Reached XP level 1. HP: 12/12 MP: 3/3
   113 | D:1      | Reached XP level 2. HP: 18/18 MP: 5/5
   494 | D:1      | Reached XP level 3. HP: 22/22 MP: 6/6
  1076 | D:2      | Found a faded altar of an unknown god.
  1076 | D:2      | Noticed a Brimstone Fiend
  1616 | D:3      | Reached skill level 4 in Conjurations
  1616 | D:3      | Reached XP level 4. HP: 21/28 MP: 6/8
  1622 | D:3      | Slain by a gnoll

Illustrated notes

Levels and vault maps discovered:
D:1:      elethiomel_arrival_shortcut, layout_basic
D:2:      wander_river, layout_rooms, dreamdust_ecumenical_altar_sealed_demon,
          chequers_serial_rivers_room_b
D:3:      layout_loops_ring, mainiacjoe_overflow_small_starburst,
          minmay_misc_feat_roman

Skill      XL: |  1  2  3 |
---------------+----------+-----
Fighting       | 3 |  3.1
Conjurations   | 4 |  4.0
Maces & Flails | |  3.0
Dodging        | |  1.5
Spellcasting   | |  2.7

Action                     |  1- 3 |  4- 6 || total
---------------------------+-------+-------++-------
  Melee: Mace              |   120 |       ||   120
         War axe           |    16 |     7 ||    23
         Punch             |     1 |       ||     1
 Armour: Leather armour    |    73 |     2 ||    75
  Dodge: Dodged            |    85 |    17 ||   102
